 Dungeon Crawl Stone Soup version 0.31.0-9-g3a7656b989 (webtiles) character file.

Game seed: 13077925776760345958

89 qw the Shooter (level 4, -1/25 HPs)
             Began as a Deep Elf Hunter on Feb 2, 2024.
             Frozen to death by an endoplasm (5 damage)
             ... on level 3 of the Dungeon.
             The game lasted 00:00:07 (1531 turns).

qw the Shooter (Deep Elf Hunter)                    Turns: 1531, Time: 00:00:08

Health: -1/25      AC:  3    Str: 10    XL:     4   Next: 31%
Magic:  6/6        EV: 12    Int: 14    God:
Gold:   91         SH:  0    Dex: 18    Spells: 3/3 levels left

rFire   . . .        a - +0 shortbow
rCold   . . .        (shield currently unavailable)
rNeg    . . .        c - +0 leather armour
rPois   .            (no helmet)
rElec   .            (no cloak)
rCorr   .            (no gloves)
SInv    .            (no boots)
Will    .....        (no amulet)
Stlth   ++           (no ring)
HPRegen 0.24/turn    (no ring)
MPRegen 0.10/turn

%: no passive effects
@: no status effects
A: no striking features
a: no special abilities


You were on level 3 of the Dungeon.
You visited 1 branch of the dungeon, and saw 3 of its levels.

You collected 91 gold pieces.


   Skills:
 - Level 1.5 Fighting
 + Level 7.7 Ranged Weapons
 - Level 2.4 Dodging
 - Level 1.2 Stealth


You had 3 spell levels left.
You didn't know any spells.
Your spell library was empty.

Inventory:

Hand Weapons
 a - a +0 shortbow (weapon)
Armour
 c - a +0 leather armour (worn)
 f - a +0 ring mail
Jewellery
 e - a ring of ice
 h - a +6 ring of strength
Scrolls
 b - a scroll of identify
Potions
 d - a potion of haste
 g - a potion of degeneration {unknown}
 i - a potion of attraction {unknown}

Dungeon Overview and Level Annotations

Branches:
Dungeon (3/15)

Altars:

Shops:
D:2 :


Message History

The gnoll moves out of view.
You hear a shout!
You shoot an arrow. The gnoll shouts!
The arrow hits the gnoll.
The gnoll is moderately wounded.
You shoot an arrow. The arrow hits the gnoll!
The gnoll is almost dead.
You shoot an arrow. The arrow hits the gnoll!
You kill the gnoll!
An endoplasm comes into view.
You shoot an arrow. The arrow hits the gnoll.
The gnoll is lightly wounded.
The gnoll throws a throwing net.
The throwing net hits you.
You become entangled in the net!
You struggle against the net.
You struggle against the net.
The gnoll hits you with a +0 club.
You shred the net and break free!
The gnoll hits you from afar with a +0 spear!
The gnoll hits you with a +0 club.
You shoot an arrow.
The arrow hits the gnoll but does no damage.
The gnoll is lightly wounded.
The gnoll hits you from afar with a +0 spear.
The gnoll hits you with a +0 club.
You shoot an arrow. The arrow hits the gnoll.
The gnoll is moderately wounded.
The gnoll closely misses you. x2
You shoot an arrow. The arrow hits the gnoll.
The gnoll is severely wounded.
The endoplasm hits you but does no damage.
The gnoll hits you from afar with a +0 spear.
The gnoll hits you with a +0 club.
You shoot an arrow.
The arrow hits the gnoll but does no damage.
The gnoll is severely wounded.
The endoplasm freezes you.
You are frozen.
You die...

... # #........
.....#### #####.#.)...
#..... #..........#
#####. #..........# #.
#..........## ##.
.#...........# #..
.............# ###..
......J@.....# #....
..####.g####.#######.###
#g## #.##......... #g
#.##......... ..
#..#......... #[.
##........... ...
###......... ....
#......... #...[.....


You could see 3 gnolls and an endoplasm.

Vanquished Creatures
  A gnoll (D:3)
  An adder (D:2)
  2 dart slugs (D:1)
  A ribbon worm (D:2)
  8 endoplasms
  8 hobgoblins
  8 jackals
  8 kobolds
  A quokka (D:2)
  5 ball pythons (D:1)
  4 bats (D:1)
  A frilled lizard (D:1)
  3 goblins
  11 rats
62 creatures vanquished.

Notes
Turn   | Place    | Note
-------+----------+-------------------------------------------
     0 | D:1      | qw the Deep Elf Hunter began the quest for the Orb.
     0 | D:1      | Reached XP level 1. HP: 12/12 MP: 3/3
     0 | D:1      | 0 ||| qw: Version: 0.3-a-155-g5e7d8dd
     0 | D:1      | 0 ||| qw: Game counter: 2383
     0 | D:1      | 0 ||| qw: Melee chars always use a shield: true
     0 | D:1      | 0 ||| qw: God list: Okawaru
     0 | D:1      | 0 ||| qw: Allow faded altars: false
     0 | D:1      | 0 ||| qw: Do Orc after clearing Dungeon:15 true
     0 | D:1      | 0 ||| qw: Do second Lair branch before Depths: true
     0 | D:1      | 0 ||| qw: Lair rune preference: random
     0 | D:1      | 0 ||| qw: Goals: Normal
     0 | D:1      | 0 ||| PLANNING D:1-11
   109 | D:1      | Reached XP level 2. HP: 16/16 MP: 4/4
   132 | D:1      | Reached skill level 6 in Ranged Weapons
   393 | D:1      | Reached XP level 3. HP: 20/20 MP: 5/5
   774 | D:1      | 774 ||| DRINKING 2 smoky dark potions.
   775 | D:1      | 775 ||| DROPPING scroll of butterflies.
   798 | D:2      | Reached skill level 7 in Ranged Weapons
   865 | D:2      | Found Etash's Book Shoppe.
   969 | D:2      | Found a faded altar of an unknown god.
   997 | D:2      | Reached XP level 4. HP: 25/25 MP: 6/6
  1228 | D:2      | 1228 ||| READING scroll labelled FORIP MOSHRIKE.
  1229 | D:2      | 1229 ||| READING scroll labelled TUDETU GESOU.
  1330 | D:2      | 1330 ||| READING scroll labelled LOYG SIGEO.
  1331 | D:2      | 1331 ||| READING scroll labelled BOBBOPPIZU.
  1331 | D:2      | 1331 ||| IDENTIFYING white potion
  1333 | D:2      | 1333 ||| Stepping ~*~*~tactically~*~*~ (cloud).
  1334 | D:2      | 1334 ||| DRINKING potion of curing.
  1334 | D:2      | 1334 ||| (to cure poison)
  1336 | D:2      | 1336 ||| Stepping ~*~*~tactically~*~*~ (cloud).
  1341 | D:2      | HP: 6/25 [poisoned by you (poison gas)]
  1530 | D:3      | HP: 4/25 [gnoll/+0 spear (3)]
  1531 | D:3      | Frozen to death by an endoplasm

Levels and vault maps discovered:
D:1:      heliophobic_arrival_enchanted_forest, layout_loops_ring
D:2:      cheibrodos_old_hovel, layout_rooms, serial_shops,
          nicolae_shop_statue_plus, nicolae_ecumenical_oubliette,
          minmay_tromino_v7
D:3:      layout_rooms

Skill      XL: |  1  2  3 |
---------------+----------+-----
Ranged Weapons | 6 7 |  7.7
Fighting       | |  1.5
Dodging        | |  2.4
Stealth        | |  1.2

Action                     |  1- 3 |  4- 6 || total
---------------------------+-------+-------++-------
   Fire: Shortbow          |   148 |    37 ||   185
    Use: Potion            |     1 |     1 ||     2
         Scroll            |       |     4 ||     4
 Armour: Leather armour    |    31 |    11 ||    42
  Dodge: Dodged            |    42 |    12 ||    54

Table legend:
 A = Non-vault XP
 B = Vault XP
 C = Vault XP percentage of total XP
 D = Non-vault monster count
 E = Vault monster count
 F = Vault count percentage of total count
                 A         B        C        D         E       F
            +---------+---------+-------+---------+---------+-------
      Total |     123 |       5 |   3.9 |      59 |       3 |   4.8
            +---------+---------+-------+---------+---------+-------
        D:1 |      60 |       0 |   0.0 |      36 |       0 |   0.0
        D:2 |      47 |       5 |   9.6 |      21 |       3 |  12.5
        D:3 |      16 |       0 |   0.0 |       2 |       0 |   0.0
            +---------+---------+-------+---------+---------+-------
